 Dungeon Sprint DCSS version 0.30-a0-140-gd1020e658a (webtiles) character file.

Game seed: 6913534845272650045

43268 ytrimaz the Skullcrusher (level 14, -2/74 HPs)
             Began as a Formicid Fighter on Sept 24, 2022.
             Was the Champion of Okawaru.
             Frozen to death by an endoplasm (4 damage)
             ... in the Dungeon (Sprint V: "Ziggurat Sprint").
             The game lasted 00:11:18 (1983 turns).

ytrimaz the Skullcrusher (Formicid Fighter)         Turns: 1983, Time: 00:11:19

Health: -2/74      AC: 41    Str: 26    XL:     14   Next: 59%
Magic:  20/21      EV: 11    Int:  5    God:    Okawaru [******]
Gold:   0          SH: 40    Dex: 19    Spells: 13/13 levels left

rFire   + . .      SeeInvis +    C - +10 dark maul {vorpal}
rCold   x . .      Faith    .    E - +18 shield of the Gong {rElec rN+ Will+ EV-5}
rNeg    + + .      Spirit   .    D - +15 Maxwell's patent armour {-Cast -Tele rElec Will+ rCorr}
rPois   +          Reflect  .    (helmet unavailable)
rElec   +          Harm     .    (no cloak)
rCorr   +          Rampage  +    X - +3 pair of gauntlets of War {Slay+5}
Will    +++..      NoCast   +    j - +2 pair of boots {rampage}
Stlth   ..........               (no amulet)
HPRegen 0.22/turn                M - ring of Neonn {rPois rF+ rN+ Int-3 Dex+6}
MPRegen 0.17/turn                b - ring of the Hare {EV+8}

@: corroded, studying 2 skills
A: permanent stasis, dig shafts and tunnels, antennae 3, four strong arms, large
bone plates 2, frail 2, cold vulnerability 1, inability to read after injury 1,
devolution 1
a: Dig, Renounce Religion, Heroism, Finesse


You were in the Dungeon.
You worshipped Okawaru.
Okawaru was exalted by your worship.
You visited 1 branch


Innate Abilities, Weirdness & Mutations

You cannot be hasted, slowed, berserked, paralysed or teleported.
You can dig through walls and to a lower floor.
You have a pair of large antennae on your head. (SInv)
Your four strong arms can wield two-handed weapons with a shield.
You are mostly covered in large bone plates. (SH +6)
You are very frail. (-20% HP)
You are vulnerable to cold. (rC-)
You occasionally lose the ability to read scrolls when taking damage.
You have hidden genetic defects.


   Skills:
 - Level 3.6 Fighting
 O Level 27 Maces & Flails
 + Level 25.4 Armour
 - Level 20.0 Shields
 - Level 9.9 Invocations


You had 13 spell levels left.
You didn't know any spells.
Your spell library contained the following spells:

 Spells                   Type           Power      Damage    Failure   Level
 Apportation              Tloc           0%         N/A       94%         1
 Foxfire                  Conj/Fire      0%         2x1d4     94%         1
 Freeze                   Ice            0%         1d3       94%         1
 Necrotise                Necr           0%         1d4       94%         1
 Shock                    Conj/Air       0%         1d3       94%         1
 Cigotuvi's Dreadful Rot  Necr/Pois/Air  0%         N/A       98%         2
 Confusing Touch          Hex            0%         N/A       100%        3
 Frozen Ramparts          Ice            0%         1d1       100%        3
 Ignite Poison            Fire/Tmut/Pois 0%         N/A       100%        3
 Inner Flame              Hex/Fire       0%         N/A       100%        3
 Kindle Blastsparks       Fire/Tloc/Air  0%         2d10      100%        3
 Lesser Beckoning         Tloc           0%         N/A       100%        3
 Mephitic Cloud           Conj/Pois/Air  0%         N/A       100%        3
 Ozocubu's Armour         Ice            0%         N/A       100%        3
 Airstrike                Air            0%         2d(0-16)  100%        4
 Dispel Undead            Necr           0%         3d6       100%        4
 Flame Wave               Conj/Fire      0%         2d4       100%        4
 Ice Form                 Ice/Tmut       0%         N/A       100%        4
 Passage of Golubria      Tloc           0%         N/A       100%        4
 Petrify                  Tmut/Erth      0%         N/A       100%        4
 Freezing Cloud           Conj/Ice/Air   0%         6-21      100%        5
 Metabolic Englaciation   Hex/Ice        0%         N/A       100%        5
 Silence                  Hex/Air        0%         N/A       100%        5
 Dispersal                Tloc           0%         N/A       100%        6
 Statue Form              Tmut/Erth      0%         N/A       100%        6
 Ozocubu's Refrigeration  Ice            0%         4d7       100%        7
 Disjunction              Tloc           0%         N/A       100%        8
 Necromutation            Tmut/Necr      0%         N/A       100%        8
 Summon Small Mammal      Summ           Unusable   N/A       N/A         1
 Summon Guardian Golem    Hex/Summ       Unusable   N/A       N/A         3
 Swiftness                Air            Unusable   N/A       N/A         3
 Tukima's Dance           Hex            Unusable   N/A       N/A         3
 Summon Ice Beast         Ice/Summ       Unusable   N/A       N/A         4
 Summon Forest            Summ/Tloc      Unusable   N/A       N/A         5
 Summon Mana Viper        Hex/Summ       Unusable   N/A       N/A         5
 Death Channel            Necr           Unusable   N/A       N/A         6
 Summon Cactus Giant      Summ           Unusable   N/A       N/A         6

Inventory:

Hand Weapons
 h - a +2 vorpal quarterstaff
   (You found it in the Dungeon)
 C - the +10 dark maul (weapon) {vorpal}
   (You found it in the Dungeon)

   It inflicts extra damage upon your enemies.
 F - the +6 shillelagh "Devastator" {shatter}
   (You found it in the Dungeon)

   It releases a powerful concussive burst when it strikes, dealing extra damage
   to the target and all other foes adjacent to them.
Armour
 i - +5 gold dragon scales
   (You found it in the Dungeon)
 j - a +2 pair of boots of rampaging (worn)
   (You found it in the Dungeon)
 D - the +15 Maxwell's patent armour (worn) {-Cast -Tele rElec Will+ rCorr}
   (You found it in the Dungeon)

   rElec:     It insulates you from electricity.
   -Cast:     It prevents spellcasting.
   -Tele:     It prevents most forms of teleportation.
   rCorr:     It protects you from acid and corrosion.
   Will:      It increases your willpower.
 E - the +18 shield of the Gong (worn) {rElec rN+ Will+ EV-5}
   (You found it in the Dungeon)

   It is deafeningly noisy when blocking attacks.
   EV:        It affects your evasion (-5).
   rElec:     It insulates you from electricity.
   rN:        It protects you from negative energy.
   Will:      It increases your willpower.
 X - the +3 pair of gauntlets of War (worn) {Slay+5}
   (You found it in the Dungeon)

   Slay:      It affects your accuracy & damage with ranged weapons and melee
   (+5).
Jewellery
 b - the ring of the Hare (right hand) {EV+8}
   (You found it in the Dungeon)

   [ring of evasion]

   EV:        It affects your evasion (+8).
 v - a ring of flight
   (You found it in the Dungeon)
 w - the ring of Amebidd {rN++ rCorr}
   (You found it in the Dungeon)

   [ring of resist corrosion]

   rN:        It greatly protects you from negative energy.
   rCorr:     It protects you from acid and corrosion.
 x - a ring of wizardry
   (You found it in the Dungeon)
 z - a +6 ring of dexterity
   (You found it in the Dungeon)
 A - a +6 ring of strength
   (You found it in the Dungeon)
 B - a +6 ring of strength
   (You found it in the Dungeon)
 I - a ring of poison resistance
   (You found it in the Dungeon)
 L - the ring of Fecraut {Will+ Str+5 Int-4}
   (You found it in the Dungeon)

   [ring of willpower]

   Str:       It affects your strength (+5).
   Int:       It affects your intelligence (-4).
   Will:      It increases your willpower.
 M - the ring of Neonn (left hand) {rPois rF+ rN+ Int-3 Dex+6}
   (You found it in the Dungeon)

   [ring of dexterity]

   Int:       It affects your intelligence (-3).
   Dex:       It affects your dexterity (+6).
   rF:        It protects you from fire.
   rPois:     It protects you from poison.
   rN:        It protects you from negative energy.
 N - a +4 ring of evasion
   (You found it in the Dungeon)
 O - a +6 ring of strength
   (You found it in the Dungeon)
 P - the ring of Intercession {Fly rN+}
   (You took it off a merfolk siren in the Dungeon)

   [ring of flight]

   rN:        It protects you from negative energy.
   Fly:       It grants you flight.
 R - a ring of protection from fire
   (You found it in the Dungeon)
 V - the ring of Fatawkez {rElec Str-4 Int-3 Dex+6 Stlth+}
   (You found it in the Dungeon)

   [ring of dexterity]

   Str:       It affects your strength (-4).
   Int:       It affects your intelligence (-3).
   Dex:       It affects your dexterity (+6).
   rElec:     It insulates you from electricity.
   Stlth:     It makes you more stealthy.
 W - a +4 ring of protection
   (You found it in the Dungeon)
 Z - the ring "Jiufac" {rC+ rCorr}
   (You found it in the Dungeon)

   [ring of protection from cold]

   rC:        It protects you from cold.
   rCorr:     It protects you from acid and corrosion.
Wands
 s - a wand of mindburst (7)
   (You found it in the Dungeon)
 t - a wand of iceblast (7)
   (You found it in the Dungeon)
 u - a wand of quicksilver (7)
   (You found it in the Dungeon)
Scrolls
 k - 4 scrolls of amnesia
 l - 7 scrolls of fog
 m - 5 scrolls of identify
 n - 2 scrolls of fear
 r - 8 scrolls of enchant armour
 H - a scroll of brand weapon
Potions
 d - 3 potions of might
 e - 10 potions of curing
 f - 6 potions of heal wounds
 g - 7 potions of magic
 o - 2 potions of brilliance
 p - a potion of invisibility
 q - 3 potions of resistance
Miscellaneous
 a - a phial of floods
   (You found it in the Dungeon)
 c - a piece from Xom's chessboard (15/15)
   (You found it in the Dungeon)
 y - a piece from Xom's chessboard (15/15)
   (You found it in the Dungeon)
 G - a piece from Xom's chessboard (15/15)
   (You found it in the Dungeon)
 J - a lightning rod (4/4)
   (You found it in the Dungeon)
 Q - a piece from Xom's chessboard (15/15)
   (You found it in the Dungeon)
 T - a piece from Xom's chessboard (15/15)
   (You found it in the Dungeon)
 U - a piece from Xom's chessboard (15/15)
   (You found it in the Dungeon)

Dungeon Overview and Level Annotations

Branches:
Dungeon (1/1) Zot: 27000

Altars:
Ashenzari
Cheibriados
Dithmenos
Elyvilon
Fedhas
Gozag
Hepliaklqana
Kikubaaqudgha
Makhleb
Nemelex Xobeh
Okawaru
Qazlal
Ru
Sif Muna
Trog
Uskayaw
Vehumet
Wu Jian
Xom
Yredelemnul
Zin
The Shining One
Jiyva
Lugonu

▓..)=[)|||":..▓.....[.....▓..
▓.............▓..▓.....▓..▓..
▓.............▓.▓▓▓...▓▓▓.▓..
▓.G...........▓..▓.....▓..▓..
▓.............▓.....©.....▓..
▓.............▓▓▓▓▓▓▓▓▓▓▓▓▓▓▓
▓.............▓..~8©8.~.▓...8
▓..▓.......▓..▓..))~)~~.▓..)|
▓...........@.▓~†}=~)}..▓..}}
▓..........J..▓.†)~..~..▓....
▓......©......▓.~.~..~.~▓....
▓▓▓▓▓▓▓▓▓▓▓▓▓▓▓~......~~▓....
▓..~.)....▓....
▓~.▓)~~▓..▓....
▓..))~~~.~▓....
▓.~..©~.~.▓....
▓▓▓▓▓▓▓▓▓▓▓▓▓▓▓


You could see an endoplasm.


Message History

The large slime creature hits you but does no damage. 😨 HP[-1] MP[+1]
You take 1 damage, and now have 32/74 hp.
You pound the acid blob like an anvil!!!
You kill the acid blob!
Okawaru is honoured by your kill.
The golden eye blinks!
The floating eye gazes piercingly through you!
Your stasis prevents you from being paralysed.
A large slime creature splits.
You block the endoplasm's attack.
GONNNNG!
Your Armour skill increases to level 25!
Unknown command.
You flatten the floating eye like a pancake!!!!
You kill the floating eye!
Okawaru accepts your kill. You block the slime creature's attack.
GONNNNG!
You block the endoplasm's attack.
BONNNG!
Unknown command.
You are too injured to fight recklessly!
You hit the slime creature. You block the slime creature's attack.
GONNNNG!
The endoplasm freezes you.
You are frozen!
You feel a terrible chill!
* * * LOW HITPOINT WARNING * * *
The slime creature hits you but does no damage.
The endoplasm freezes you.
You are frozen.
You feel a terrible chill!
* * * LOW HITPOINT WARNING * * *
You sock the slime creature! You block the slime creature's attack.
GONNNNG!
The golden eye blinks at you.
You resist with almost no effort. 😨 HP[-10]
You take 10 damage, and now have 22/74 hp.
You flatten the slime creature like a pancake!!!!
You kill the slime creature!
Okawaru accepts your kill. You block the endoplasm's attack.
GONNNNG!
You block the slime creature's attack.
GONNNNG!
You block the endoplasm's attack.
GONNNNG!
Unknown command.
You crush the slime creature like a grape!!!
Your hands slow down.
You block the endoplasm's attack.
GONNNNG!
The slime creature hits you.
* * * LOW HITPOINT WARNING * * *
The endoplasm freezes you.
You are frozen.
You feel a terrible chill!
* * * LOW HITPOINT WARNING * * *
😱 HP[-5]
You take 5 damage, and now have 17/74 hp.
You bludgeon the golden eye!!
You kill the golden eye!
Okawaru accepts your kill. You block the endoplasm's attack.
PTOANNNG!
You block the slime creature's attack.
GONNNNG!
You block the endoplasm's attack.
GONNNNG!
The endoplasm freezes you.
You are frozen.
You feel a terrible chill!
* * * LOW HITPOINT WARNING * * *
The endoplasm freezes you.
You are frozen.
You feel a terrible chill!
* * * LOW HITPOINT WARNING * * *
You block the slime creature's attack.
GONNNNG! 😱 HP[-9] MP[+1]
You take 9 damage, and now have 8/74 hp.
You bludgeon the slime creature!!
You kill the slime creature!
Okawaru accepts your kill. The endoplasm freezes you.
You are frozen.
* * * LOW HITPOINT WARNING * * *
The endoplasm freezes you.
You are frozen.
You feel a terrible chill!
* * * LOW HITPOINT WARNING * * *
😱 HP[-6]
You take 6 damage, and now have 2/74 hp.
You bludgeon the endoplasm!!
You kill the endoplasm!
The endoplasm freezes you.
You are frozen.
You feel a terrible chill!
You die...

Skill      XL: |  1  2  3  4  5  6  7  8  9 10 11 12 13 14 |
---------------+-------------------------------------------+-----
Maces & Flails | 7 9 12 14 15 17 20 22 25 27 | 27.0
Shields        | 8 13 16 17 20 | 20.0
Invocations    | 7 9 |  9.9
Armour         | 14 18 22 25 | 25.4
Fighting       | |  3.6

Action                   |  1- 3 |  4- 6 |  7- 9 | 10-12 | 13-15 || total
-------------------------+-------+-------+-------+-------+-------++-------
Melee: Shillelagh        |     6 |    12 |     7 |   183 |       ||   208
       Maul              |       |       |       |     7 |   141 ||   148
Invok: Heroism           |       |       |       |     3 |     4 ||     7
       Finesse           |       |       |       |     3 |     4 ||     7
  Use: Potion            |     1 |     1 |     1 |     4 |     3 ||    10
 Stab: Invisible         |       |       |       |    13 |       ||    13
Armor: Plate armour      |     5 |       |     3 |    62 |   122 ||   192
Dodge: Dodged            |       |       |       |    46 |   108 ||   154
Block: Kite shield       |     3 |    10 |     5 |   252 |   417 ||   687

Levels and vault maps discovered:
D:        sprint_v [room_start, room_1, room_2, room_3, room_4, room_5, room_6,
          room_7, room_8, room_9, room_10, room_11, room_12, room_13, room_14,
          room_15, room_16, room_17, room_18, room_19, room_20, room_21,
          room_22, room_23, room_24, room_25, room_26, room_27]

Notes
Turn   | Place    | Note
-------+----------+-------------------------------------------
     0 | D        | ytrimaz the Formicid Fighter began the quest for the Orb.
     0 | D        | Reached XP level 1. HP: 18/18 MP: 1/1
     0 | D        | magus.rc [v1.9.6]
     3 | D        | Found a blossoming altar of Fedhas.
     3 | D        | Found the +6 Majin-Bo {vamp, MP+6 Int+6}
     3 | D        | Found the +9 heavy crossbow "Sniper" {vorpal, Acc+∞ SInv}
     3 | D        | Found the +10 dark maul {vorpal}
     3 | D        | Found the +15 Maxwell's patent armour {-Cast -Tele rElec
                  | Will+ rCorr}
     3 | D        | Found the +18 shield of the Gong {rElec rN+ Will+ EV-5}
     3 | D        | Found the +14 obsidian axe {vorpal, Mesm Drain Fly SInv}
     3 | D        | Found the +7 great mace "Firestarter" {inner flame, rF++}
     3 | D        | Found the +6 shillelagh "Devastator" {shatter}
     3 | D        | Found the +11 plutonium sword {Contam Stlth-}
     3 | D        | Found the +8 lance "Wyrmbane" {slay drac, rPois rF+ rC+
                  | AC+3}
     3 | D        | Found the +9 sword of Zonguldrok {reap}
     3 | D        | Found the +13 scythe of Curses {drain, Drain}
     3 | D        | Found the +5 sword of Power {vorpal}
     3 | D        | Found the +7 mace of Variability {chain chaos}
     3 | D        | Found the +7 Singing Sword {vorpal, sonic wave}
     3 | D        | Found the +8 storm bow {elec, penet}
     5 | D        | Found a viscous altar of Jiyva.
     5 | D        | Found a hazy altar of Hepliaklqana.
     5 | D        | Found a transporter.
     5 | D        | Found an opulent altar of Gozag.
     5 | D        | Found an ancient bone altar of Kikubaaqudgha.
     5 | D        | Found a corrupted altar of Lugonu.
    15 | D        | Found a burning altar of Makhleb.
    16 | D        | Found a stormy altar of Qazlal.
    16 | D        | Found an iron altar of Okawaru.
    16 | D        | Found a sacrificial altar of Ru.
    16 | D        | Found a sparkling altar of Nemelex Xobeh.
    16 | D        | Found a shimmering blue altar of Sif Muna.
    16 | D        | Found a bloodstained altar of Trog.
    66 | D        | Reached skill level 7 in Maces & Flails
    66 | D        | Reached XP level 2. HP: 24/24 MP: 2/2
    99 | D        | Became a worshipper of Warmaster Okawaru
   110 | D        | Entered arena 2.
   110 | D        | Found a transporter.
   118 | D        | Reached XP level 3. HP: 24/29 MP: 3/3
   126 | D        | Entered arena 3.
   126 | D        | Noticed a water moccasin
   126 | D        | Found a transporter.
   128 | D        | Killed a water moccasin
   128 | D        | Reached * piety under Okawaru
   129 | D        | Reached skill level 9 in Maces & Flails
   129 | D        | Reached skill level 8 in Shields
   129 | D        | Reached XP level 4. HP: 31/36 MP: 4/4
   129 | D        | Reached XP level 5. HP: 36/41 MP: 5/5
   177 | D        | Entered arena 4.
   177 | D        | Noticed a chaos spawn
   177 | D        | Noticed a wretched star
   177 | D        | Found a transporter.
   180 | D        | Reached skill level 10 in Maces & Flails
   180 | D        | Reached skill level 9 in Shields
   189 | D        | HP: 7/32 [chaos spawn collision (11)]
   189 | D        | HP: 3/32 [chaos spawn (4)]
   192 | D        | Killed a wretched star
   192 | D        | Reached ** piety under Okawaru
   192 | D        | Reached *** piety under Okawaru
   193 | D        | Reached skill level 12 in Maces & Flails
   193 | D        | Reached skill level 13 in Shields
   193 | D        | Reached XP level 6. HP: 32/47 MP: 6/6
   193 | D        | Reached XP level 7. HP: 35/52 MP: 7/7
   193 | D        | Reached XP level 8. HP: 40/59 MP: 8/8
   194 | D        | Reached skill level 13 in Maces & Flails
   194 | D        | Reached skill level 14 in Shields
   295 | D        | Entered arena 5.
   295 | D        | Noticed an ironbound preserver
   295 | D        | Noticed a yaktaur captain
   295 | D        | Noticed a vault sentinel
   295 | D        | Noticed a vault sentinel
   295 | D        | Found a transporter.
   302 | D        | Killed a vault sentinel
   302 | D        | Reached **** piety under Okawaru
   303 | D        | Reached skill level 15 in Shields
   303 | D        | Reached skill level 4 in Invocations
   303 | D        | Killed an ironbound preserver
   303 | D        | Reached ***** piety under Okawaru
   304 | D        | Reached skill level 14 in Maces & Flails
   304 | D        | Reached skill level 16 in Shields
   304 | D        | Reached skill level 7 in Invocations
   304 | D        | Reached XP level 9. HP: 64/64 MP: 8/14
   304 | D        | Killed a yaktaur captain
   305 | D        | Reached skill level 15 in Maces & Flails
   305 | D        | Reached skill level 17 in Shields
   305 | D        | Reached skill level 9 in Invocations
   305 | D        | Killed a vault sentinel
   306 | D        | Reached XP level 10. HP: 70/70 MP: 8/17
   363 | D        | Entered arena 6.
   363 | D        | Found the ring of the Hare {EV+8}
   363 | D        | Found a transporter.
   388 | D        | You pick up a book of Flames and begin reading...
   388 | D        | You add the spells Foxfire, Kindle Blastsparks, Inner Flame
                  | and Flame Wave to your library.
   405 | D        | Entered arena 7.
   406 | D        | Found a transporter.
   410 | D        | Reached skill level 18 in Shields
   434 | D        | Entered arena 8.
   435 | D        | Found a transporter.
   441 | D        | Identified the +0 robe of the Purple Skies {rPois Str+2
                  | Int+3 SInv} (Okawaru gifted it to you in the Dungeon)
   441 | D        | Received a gift from Okawaru
   442 | D        | Reached skill level 16 in Maces & Flails
   457 | D        | Entered arena 9.
   457 | D        | Noticed a hell hog
   457 | D        | Noticed a hell hog
   465 | D        | Killed a hell hog
   465 | D        | Killed a hell hog
   466 | D        | Reached skill level 17 in Maces & Flails
   466 | D        | Reached skill level 19 in Shields
   466 | D        | Found a transporter.
   469 | D        | Reached skill level 20 in Shields
   480 | D        | You add the spells Confusing Touch and Silence to your
                  | library.
   480 | D        | Got Sif Muna's Essays on Enchantment
   484 | D        | Entered arena 10.
   485 | D        | Found a transporter.
   502 | D        | Reached XP level 11. HP: 47/75 MP: 18/18
   508 | D        | You add the spells Ignite Poison, Mephitic Cloud and
                  | Freezing Cloud to your library.
   512 | D        | Got the ring of Fecraut {Will+ Str+5 Int-4}
   517 | D        | Got the ring of Neonn {rPois rF+ rN+ Int-3 Dex+6}
   526 | D        | Entered arena 11.
   526 | D        | Found the +8 longbow "Zephyr" {speed, Dex+3 SInv}
   527 | D        | Found a transporter.
   530 | D        | Reached skill level 18 in Maces & Flails
   530 | D        | Reached ****** piety under Okawaru
   538 | D        | Reached skill level 19 in Maces & Flails
   716 | D        | Entered arena 12.
   716 | D        | Noticed a fire dragon
   716 | D        | Noticed a fire dragon
   716 | D        | Noticed an ice dragon
   716 | D        | Noticed a death drake
   716 | D        | Noticed an ice dragon
   721 | D        | Reached skill level 5 in Armour
   721 | D        | Found a transporter.
   726 | D        | Killed a fire dragon
   727 | D        | Reached skill level 7 in Armour
   729 | D        | Killed a death drake
   730 | D        | Reached skill level 8 in Armour
   737 | D        | Reached skill level 9 in Armour
   739 | D        | Killed an ice dragon
   740 | D        | Reached skill level 10 in Armour
   746 | D        | Killed a fire dragon
   746 | D        | Identified the +6 mace of the Evening {freeze, rPois rC+}
                  | (Okawaru gifted it to you in the Dungeon)
   746 | D        | Received a gift from Okawaru
   747 | D        | Reached skill level 20 in Maces & Flails
   747 | D        | Reached skill level 11 in Armour
   750 | D        | Killed an ice dragon
   751 | D        | Reached skill level 12 in Armour
   996 | D        | Entered arena 13.
   996 | D        | Noticed a manticore
   996 | D        | Noticed an alligator snapping turtle
   997 | D        | Identified the ring of Intercession {Fly rN+}
   997 | D        | Noticed a merfolk siren
   997 | D        | Identified the +9 rapier of Wuegg {drain, rN++}
   997 | D        | Noticed a merfolk javelineer
   998 | D        | Noticed a merfolk aquamancer
   999 | D        | Noticed a merfolk impaler
   999 | D        | Noticed a harpy
  1003 | D        | Reached skill level 13 in Armour
  1011 | D        | Killed a merfolk javelineer
  1012 | D        | Reached skill level 14 in Armour
  1012 | D        | Reached XP level 12. HP: 71/82 MP: 12/19
  1013 | D        | Killed a merfolk aquamancer
  1013 | D        | Received a gift from Okawaru
  1014 | D        | Found a transporter.
  1015 | D        | Killed a merfolk impaler
  1016 | D        | Reached skill level 21 in Maces & Flails
  1016 | D        | Reached skill level 15 in Armour
  1038 | D        | Killed an alligator snapping turtle
  1039 | D        | Reached skill level 16 in Armour
  1059 | D        | You add the spells Apportation, Lesser Beckoning and
                  | Passage of Golubria to your library.
  1059 | D        | Got the Papyrus of the Thoughtful Friars
  1061 | D        | You pick up a book of Rime and begin reading...
  1061 | D        | You add the spells Frozen Ramparts and Ice Form to your
                  | library.
  1076 | D        | Entered arena 14.
  1077 | D        | Noticed a soul eater
  1078 | D        | Noticed a soul eater
  1078 | D        | Noticed a soul eater
  1078 | D        | Noticed a shadow dragon
  1078 | D        | Noticed a ghoul
  1078 | D        | Noticed a soul eater
  1078 | D        | Found a transporter.
  1090 | D        | Killed a ghoul
  1110 | D        | Killed a shadow dragon
  1110 | D        | Identified the +0 crystal plate armour of the Blessed Realm
                  | {rPois rN+} (Okawaru gifted it to you in the Dungeon)
  1110 | D        | Received a gift from Okawaru
  1111 | D        | Reached skill level 22 in Maces & Flails
  1111 | D        | Reached skill level 17 in Armour
  1119 | D        | Killed a soul eater
  1128 | D        | HP: 20/81 [soul eater (2)]
  1134 | D        | Killed a soul eater
  1135 | D        | HP: 18/82 [soul eater (2)]
  1136 | D        | Killed a soul eater
  1137 | D        | Killed a soul eater
  1138 | D        | Reached skill level 18 in Armour
  1171 | D        | Entered arena 15.
  1172 | D        | Noticed a spriggan berserker
  1172 | D        | Noticed a spriggan berserker
  1172 | D        | Noticed a spriggan air mage
  1176 | D        | HP: 20/82 [cane toad (8)]
  1177 | D        | Killed a spriggan berserker
  1177 | D        | HP: 9/82 [cane toad (11)]
  1177 | D        | HP: 4/82 [polar bear[a spriggan berserker] (5)]
  1178 | D        | Reached XP level 13. HP: 4/87 MP: 12/20
  1186 | D        | Reached skill level 23 in Maces & Flails
  1191 | D        | Killed a spriggan air mage
  1192 | D        | Reached skill level 19 in Armour
  1198 | D        | Found a transporter.
  1205 | D        | You pick up a book of the Warp and begin reading...
  1205 | D        | You add the spells Dispersal and Disjunction to your
                  | library.
  1207 | D        | Got the ring of Fatawkez {rElec Str-4 Int-3 Dex+6 Stlth+}
  1209 | D        | You pick up a book of Air and begin reading...
  1209 | D        | You add the spells Shock and Airstrike to your library.
  1218 | D        | You pick up a book of Decay and begin reading...
  1218 | D        | You add the spells Cigotuvi's Dreadful Rot and Dispel
                  | Undead to your library.
  1395 | D        | Entered arena 16.
  1396 | D        | Noticed a titan
  1396 | D        | Found the +3 pair of gauntlets of War {Slay+5}
  1396 | D        | Noticed a frost giant
  1396 | D        | Noticed an Ice Fiend
  1398 | D        | Noticed a nargun
  1405 | D        | Killed a frost giant
  1407 | D        | Killed an Ice Fiend
  1408 | D        | Reached skill level 20 in Armour
  1409 | D        | Killed a nargun
  1410 | D        | Reached skill level 24 in Maces & Flails
  1413 | D        | Killed a titan
  1416 | D        | HP: 9/87 [freezing wraith (14)]
  1422 | D        | Found a transporter.
  1453 | D        | Got the +3 pair of boots of Suofimou {rPois Str-5 Int+7}
  1461 | D        | Got the ring "Jiufac" {rC+ rCorr}
  1468 | D        | Got the Spellbook of Command and Transmigration
  1470 | D        | You pick up a book of Sloth and begin reading...
  1470 | D        | You add the spells Petrify, Metabolic Englaciation and
                  | Statue Form to your library.
  1483 | D        | Got the ring of Amebidd {rN++ rCorr}
  1737 | D        | Entered arena 17.
  1740 | D        | Noticed a shadow dragon
  1740 | D        | Noticed a shadow dragon
  1741 | D        | Noticed a shadow dragon
  1741 | D        | Noticed a shadow dragon
  1741 | D        | Found a transporter.
  1752 | D        | Killed a shadow dragon
  1762 | D        | Killed a shadow dragon
  1762 | D        | Received a gift from Okawaru
  1763 | D        | Reached skill level 21 in Armour
  1766 | D        | Killed a shadow dragon
  1767 | D        | Killed a shadow dragon
  1799 | D        | You pick up a book of Cantrips and begin reading...
  1812 | D        | Got the +7 ring mail of Prudence {Will+++ Str+5 Int-2}
  1829 | D        | Entered arena 18.
  1833 | D        | Noticed a white very ugly thing
  1842 | D        | Reached skill level 25 in Maces & Flails
  1843 | D        | a shining eye changed into an anaconda
  1843 | D        | Noticed an anaconda (glowing shapeshifter)
  1845 | D        | Identified the +4 ring mail of Subjectivity {rElec rF+
                  | Str+2 Int+4} (Okawaru gifted it to you in the Dungeon)
  1845 | D        | Received a gift from Okawaru
  1845 | D        | Identified the +2 lajatang of the Endless March {vorpal,
                  | rElec Dex+7 SInv Stlth-}
  1847 | D        | a polar bear changed into an entropy weaver
  1847 | D        | Noticed an entropy weaver (glowing shapeshifter)
  1848 | D        | an entropy weaver changed into a rime drake
  1849 | D        | an anaconda changed into an alligator
  1852 | D        | Reached skill level 22 in Armour
  1853 | D        | Reached XP level 14. HP: 78/93 MP: 15/21
  1854 | D        | Killed a white very ugly thing
  1854 | D        | Gained mutation: You are vulnerable to cold. (rC-) [a
                  | neqoxec]
  1855 | D        | Gained mutation: You are frail. (-10% HP) [a neqoxec]
  1857 | D        | Gained mutation: You occasionally lose the ability to read
                  | scrolls when taking damage. [a neqoxec]
  1859 | D        | a satyr changed into a spark wasp
  1859 | D        | Noticed a spark wasp (glowing shapeshifter)
  1859 | D        | Gained mutation: You are very frail. (-20% HP) [a neqoxec]
  1861 | D        | Gained mutation: You have hidden genetic defects. [a
                  | neqoxec]
  1862 | D        | Reached skill level 26 in Maces & Flails
  1862 | D        | a spark wasp changed into a radroach
  1863 | D        | Gained mutation: You are partially covered in large bone
                  | plates. (SH +4) [a neqoxec]
  1865 | D        | a radroach changed into a broodmother
  1865 | D        | Noticed a broodmother (glowing shapeshifter)
  1866 | D        | Gained mutation: You are mostly covered in large bone
                  | plates. (SH +6) [a neqoxec]
  1869 | D        | Killed a broodmother
  1884 | D        | Reached skill level 23 in Armour
  1890 | D        | Found a transporter.
  1897 | D        | You add the spells Freeze and Ozocubu's Armour to your
                  | library.
  1897 | D        | Got Cienwimn's Opusculum on Rime
  1906 | D        | Got the Omnibus of Foul Graupel
  1938 | D        | Entered arena 19.
  1953 | D        | Noticed an acid blob
  1954 | D        | Noticed an acid blob
  1954 | D        | Noticed an azure jelly
  1957 | D        | Reached skill level 27 in Maces & Flails
  1958 | D        | Noticed an azure jelly
  1962 | D        | Killed an acid blob
  1964 | D        | Killed an azure jelly
  1965 | D        | Reached skill level 24 in Armour
  1973 | D        | Killed an azure jelly
  1975 | D        | Killed an acid blob
  1976 | D        | Reached skill level 25 in Armour
  1980 | D        | HP: 17/74 [frozen (4)]
  1981 | D        | HP: 8/74 [frozen (3)]
  1982 | D        | HP: 2/74 [frozen (6)]
  1983 | D        | Frozen to death by an endoplasm

Vanquished Creatures
  An Ice Fiend (D)
  A titan (D)
  2 acid blobs (D)
  5 shadow dragons (D)
  A nargun (D)
  2 azure jellies (D)
  A frost giant (D)
  A ghoul (D)
  An ironbound preserver (D)
  A very ugly thing (D)
  A broodmother (shapeshifter) (D)
  A merfolk javelineer (D)
  2 fire dragons (D)
  A yaktaur captain (D)
  A merfolk impaler (D)
  A great orb of eyes (D)
  2 ice dragons (D)
  A spriggan air mage (D)
  A merfolk aquamancer (D)
  An alligator snapping turtle (D)
  2 hell hogs (D)
  5 soul eaters (D)
  2 spriggan berserkers (D)
  A fire crab (shapeshifter) (D)
  A wretched star (D)
  A deep troll (shapeshifter) (D)
  A death drake (D)
  A harpy (D)
  A manticore (D)
  3 ugly things (D)
  A salamander (shapeshifter) (D)
  A cyclops (shapeshifter) (D)
  A merfolk siren (D)
  2 vault sentinels (D)
  2 eyes of devastation (D)
  A torpor snail (shapeshifter) (D)
  3 black mambas (D)
  2 naga magi (D)
  2 cane toads (D)
  A torpor snail (D)
  A rime drake (shapeshifter) (D)
  3 rime drakes (D)
  A freezing wraith (D)
  A tormentor (D)
  A merfolk (shapeshifter) (D)
  A meliai (shapeshifter) (D)
  A wind drake (D)
  A tyrant leech (shapeshifter) (D)
  7 slime creatures (D)
  A blink frog (D)
  A raiju (D)
  A snapping turtle (shapeshifter) (D)
  A dream sheep (D)
  A snapping turtle (D)
  A water elemental (D)
  A yak (D)
  3 fire elementals (D)
  A golden eye (D)
  A chaos spawn (D)
  3 neqoxecs (D)
  An acid dragon (D)
  4 water moccasins (D)
  A floating eye (D)
  A hell hound (D)
  A swamp drake (D)
  An orc warrior (D)
  3 phantoms (D)
  2 wights (D)
  4 crimson imps (D)
  A quasit (D)
  An orc priest (D)
  5 jellies (D)
  3 orc wizards (D)
  2 adders (D)
  3 shadow imps (D)
  2 white imps (D)
  An ufetubus (D)
  2 spectral adders (D)
  2 adder zombies (D)
  2 adder skeletons (D)
  An orc (D)
  A spectral bat (D)
  4 ball pythons (D)
  2 bat skeletons (D)
  A bat zombie (D)
  3 endoplasms (D)
  A ball python simulacrum (D)
  A ball python skeleton (D)
  7 bat simulacra (D)
  A giant cockroach zombie (D)
  2 jackal skeletons (D)
  2 spectral ball pythons (D)
  A fire vortex (D)
163 creatures vanquished.

Vanquished Creatures (others)
  A steam dragon (D)
1 creature vanquished.

Grand Total: 164 creatures vanquished

Table legend:
 A = Non-vault XP
 B = Vault XP
 C = Vault XP percentage of total XP
 D = Non-vault monster count
 E = Vault monster count
 F = Vault count percentage of total count
                 A         B        C        D         E       F
            +---------+---------+-------+---------+---------+-------
      Total |     271 |   61534 |  99.6 |       1 |     162 |  99.4
            +---------+---------+-------+---------+---------+-------
          D |     271 |   61534 |  99.6 |       1 |     162 |  99.4
            +---------+---------+-------+---------+---------+-------

Illustrated notes

Table legend:
 A = Kills in this place as a percentage of kills in entire the game.
 B = Kills by you in this place as a percentage of kills by you in the entire game.
 C = Kills by friends in this place as a percentage of kills by friends in the entire game.
 D = Other kills in this place as a percentage of other kills in the entire game.
 E = Experience gained in this place as a percentage of experience gained in the entire game.
 F = Experience gained in this place divided by the number of levels of this place that you have seen.
                   A       B       C       D       E      F
               +-------+-------+-------+-------+-------+----------------------
         Total | 100.0 | 100.0 |   N/A | 100.0 | 100.0 | 61805.0
       Dungeon | 100.0 | 100.0 |   N/A | 100.0 | 100.0 | 61805.0
               +-------+-------+-------+-------+-------+----------------------

Table legend: (Time is in decaauts)
 A = Elapsed time spent in this place.
 B = Non-inter-level travel time spent in this place.
 C = Inter-level travel time spent in this place.
 D = Time resting spent in this place.
 E = Time spent auto-exploring this place.
 F = Levels seen in this place.
 G = Mean time per level.
                   A        B        C        D        E       F      G
               +--------+--------+--------+--------+--------+-----+--------+
         Total |   1870 |   1870 |      0 |   1007 |      0 |   1 | 1870.0 |
       Dungeon |   1870 |   1870 |      0 |   1007 |      0 |   1 | 1870.0 |
               +--------+--------+--------+--------+--------+-----+--------+

Top non-repeatable levels by time:
       D: 1870 daAuts
